Map: Cyber Forest LE

Players

Neeblet (Neeb)

  • Race: Protoss Protoss
  • League: Grandmaster
  • Spawn Location: 5:00

Namshar - Winner!

  • Race: Zerg Zerg
  • League: Grandmaster
  • Spawn Location: 11:00

Event: 2019 Assembly Summer

VOD

Have the link to the VOD?

Description

Time

  • Played on: Aug. 1, 2019, 10:33 a.m.
  • Length: 4:23

All games in this series

Show
View Real Time Build Order
Export as new Build Order

Neeblet Protoss 

Build Orders: 1 Gate Expand 

Get SALT Encoding   

  12  0:00  Probe  
  13  0:12  Probe  
  14  0:19  Pylon  
  14  0:24  Probe  
  15  0:33  Probe  
  15  0:41  Gateway, Probe  
  17  0:50  Assimilator  
  17  0:51  Probe  
  18  1:03  Probe  
  19  1:15  Probe  
  20  1:28  Cybernetics Core  
  20  1:36  Nexus  
  20  1:39  Probe  
  21  1:47  Pylon  
  21  1:51  Probe  
  22  1:55  Adept, Assimilator  
  22  2:03  Probe  
  25  2:15  Probe  
  26  2:16  Adept  
  26  2:17  Robotics Facility  
  26  2:27  Probe  
  29  2:39  Probe  
  29  2:42  Stalker  
  29  2:50  Probe  
  32  2:51  Probe  
  33  3:02  Probe  
  33  3:04  Probe  
  37  3:18  Gateway  
  34  3:24  Immortal  
  32  3:29  Pylon  
  32  3:40  Pylon  
  30  3:42  Pylon  
  30  3:52  Pylon  
  30  3:54  Pylon  
  30  4:04  Gateway  
  30  4:10  Gateway  
Show
View Real Time Build Order
Export as new Build Order

Namshar Zerg - Winner!

Build Orders: Hatch First 

Get SALT Encoding   

  12  0:00  Drone  
  13  0:12  Overlord  
  13  0:16  Drone  
  14  0:30  Drone x2  
  16  0:37  Drone  
  17  0:51  Hatchery  
  17  0:55  Drone  
  17  0:58  Drone  
  18  1:09  Extractor  
  17  1:13  Spawning Pool  
  17  1:16  Drone  
  17  1:20  Drone  
  18  1:27  Drone  
  19  1:38  Overlord  
  19  1:59  Queen  
  19  2:00  Zergling x4  
  23  2:08  Queen  
  23  2:10  Metabolic Boost  
  25  2:17  Zergling x4  
  27  2:28  Zergling x2  
  28  2:34  Zergling x6  
  31  2:49  Hatchery  
  30  2:52  Zergling x6  
  33  3:03  Overlord  
  33  3:04  Zergling x2  
  32  3:14  Zergling x2  
  32  3:15  Zergling x6  
  34  3:25  Zergling x2  
  34  3:26  Zergling x6  
  37  3:28  Zergling x2  
  37  3:36  Zergling x2  
  37  3:37  Zergling x2  
  37  3:46  Zergling x2  
  37  3:47  Zergling x2  
  37  3:57  Zergling x2  
  37  3:59  Zergling x2  
Tags
 
Add a new tag
Caveats
  • Supply blocks, unpowered buildings, or Contaminate may cause inaccurate times.
  • Supply counts are checked every 10 seconds.